Map: Site Delta LE

Players

ROACHTHEIM

  • Race: Zerg Zerg
  • League: Platinum
  • Spawn Location: 11:00

SubN - Winner!

  • Race: Protoss Protoss
  • League: Diamond
  • Spawn Location: 5:00

VOD

Have the link to the VOD?

Description

Time

  • Played on: Dec. 31, 2023, 6:29 p.m.
  • Length: 9:32
Show
View Real Time Build Order
Export as new Build Order

ROACHTHEIM Zerg 

Build Orders: Pool First 

Get SALT Encoding   

  12  0:03  Drone  
  13  0:25  Spawning Pool  
  13  0:26  Drone  
  13  0:35  Overlord  
  13  0:41  Drone  
  14  1:12  Zergling x6  
  17  1:21  Hatchery  
  17  1:23  Drone  
  17  1:30  Queen  
  19  1:35  Drone  
  20  1:46  Overlord  
  20  1:57  Drone  
  21  2:12  Drone  
  22  2:27  Drone  
  22  2:28  Drone  
  24  2:31  Extractor  
  24  2:35  Queen  
  24  2:36  Drone  
  26  2:38  Drone  
  26  2:39  Queen  
  29  2:47  Roach Warren  
  29  2:49  Drone x2  
  30  2:56  Drone  
  31  3:00  Drone  
  32  3:09  Drone  
  32  3:10  Drone  
  34  3:24  Overlord  
  34  3:25  Drone x2  
  36  3:28  Extractor  
  35  4:00  Overlord x2  
  35  4:03  Roach x3  
  35  4:04  Roach  
  35  4:09  Drone  
  44  4:10  Overlord x2  
  44  4:13  Spore Crawler  
  44  4:16  Spore Crawler  
  42  4:17  Metabolic Boost  
  42  4:21  Drone x7  
  49  4:34  Drone x2  
  49  4:35  Drone x2  
  53  4:47  Hatchery  
  52  4:54  Roach  
  52  4:55  Roach x2  
  52  4:59  Ravager  
  59  5:05  Ravager  
  59  5:06  Zergling x10  
  65  5:15  Drone x2  
  65  5:16  Drone  
  65  5:17  Overlord  
  63  5:49  Zergling x12  
  68  5:50  Zergling x4  
  68  5:53  Ravager x3  
  72  6:02  Drone x4  
  72  6:03  Queen  
  78  6:06  Queen  
  78  6:10  Overlord  
  78  6:11  Overlord  
  82  6:22  Extractor  
  82  6:24  Extractor  
  80  6:26  Lair  
  80  6:30  Zergling x10  
  80  6:31  Zergling x4  
  69  6:50  Roach x6  
  69  6:52  Zergling x6  
  84  7:05  Drone x6  
  90  7:25  Spire  
  90  7:27  Drone x6  
  90  7:28  Drone x2  
  97  7:46  Drone  
  80  8:35  Overlord x2  
  78  8:43  Mutalisk x3  
  78  8:44  Mutalisk x4  
  89  9:05  Mutalisk x2  
  92  9:13  Hatchery  
Show
View Real Time Build Order
Export as new Build Order

SubN Protoss - Winner!

Build Orders:  

Get SALT Encoding   

  12  0:00  Probe  
  13  0:12  Probe  
  14  0:20  Pylon  
  14  0:24  Probe (Chrono Boost)  
  15  0:39  Probe (Chrono Boost)  
  16  0:44  Gateway  
  16  0:46  Probe (Chrono Boost)  
  17  0:52  Assimilator  
  17  0:53  Probe  
  18  1:05  Probe  
  18  1:08  Forge  
  19  1:17  Probe  
  20  1:26  Pylon  
  20  1:29  Probe  
  21  1:35  Cybernetics Core  
  21  1:39  Zealot  
  23  1:44  Probe  
  24  1:52  Pylon  
  24  1:54  Photon Cannon  
  24  2:06  Photon Cannon  
  24  2:16  Shield Battery  
  24  2:17  Probe  
  25  2:27  Assimilator  
  25  2:29  Probe  
  26  2:37  Adept  
  28  2:56  Shield Battery  
  28  3:04  Nexus  
  27  3:15  Stalker  
  29  3:20  Probe (Chrono Boost)  
  30  3:32  Warp Gate (Chrono Boost), Probe (Chrono Boost)  
  30  3:33  Pylon  
  31  3:37  Pylon  
  31  3:39  Protoss Ground Weapons Level 1  
  31  3:40  Probe (Chrono Boost)  
  32  3:46  Probe  
  33  3:51  Pylon  
  33  3:58  Probe  
  33  4:00  Assimilator  
  34  4:04  Assimilator  
  34  4:11  Probe (Chrono Boost)  
  35  4:17  Probe (Chrono Boost)  
  35  4:18  Pylon  
  35  4:23  Probe (Chrono Boost)  
  37  4:27  Probe (Chrono Boost)  
  37  4:29  Probe (Chrono Boost)  
  39  4:32  Probe (Chrono Boost)  
  39  4:37  Probe  
  41  4:43  Probe  
  42  4:49  Probe  
  42  4:52  Stargate  
  43  4:56  Probe  
  44  5:01  Probe  
  45  5:08  Probe, Sentry  
  45  5:11  Stargate  
  45  5:12  Protoss Air Weapons Level 1  
  48  5:15  Stargate  
  48  5:16  Pylon  
  48  5:27  Stargate  
  48  5:28  Pylon  
  48  5:31  Probe x2  
  50  5:37  Stalker  
  52  5:43  Probe  
  53  5:56  Photon Cannon  
  53  5:57  Photon Cannon  
  53  6:08  Photon Cannon  
  53  6:09  Probe  
  53  6:10  Fleet Beacon, Probe  
  55  6:15  Stalker  
  57  6:21  Probe  
  62  6:28  Void Ray  
  66  6:36  Void Ray  
  73  6:54  Void Ray x2  
  73  7:00  Flux Vanes  
  73  7:06  Zealot  
  75  7:19  Carrier  
  75  7:22  Nexus  
  81  7:28  Pylon  
  81  7:29  Pylon  
  81  7:31  Pylon  
  81  7:37  Pylon  
  81  7:40  Probe x2  
  81  7:43  Pylon  
  79  7:52  Probe  
  70  8:01  Carrier  
  70  8:03  Carrier  
  82  8:15  Nexus  
  82  8:19  Carrier  
  88  8:27  Assimilator  
  88  8:34  Pylon  
  88  8:36  Pylon  
Tags
 
Add a new tag
Caveats
  • Supply blocks, unpowered buildings, or Contaminate may cause inaccurate times.
  • Supply counts are checked every 10 seconds.